 Dungeon Crawl Stone Soup version 0.31-a0-995-g04711c9635 (webtiles) character file.

Game seed: 13602350745781635049

2118 Dirtsage the Insei (level 9, 0/59 HPs)
             Began as an Octopode Shapeshifter on Nov 6, 2023.
             Was a Priest of Elyvilon.
             Slain by a steam dragon (3 damage)
             ... on level 7 of the Dungeon.
             The game lasted 00:10:08 (4854 turns).

Dirtsage the Insei (Octopode Shapeshifter)          Turns: 4854, Time: 00:10:09

Health: 0/59       AC:  1    Str: 14    XL:     9   Next: 29%
Magic:  9/9        EV: 13    Int: 12    God:    Elyvilon [***...]
Gold:   339        SH:  0    Dex: 15    Spells: 6/8 levels left

rFire   . .          .
                       - Unarmed
rCold   . . .        (no shield)
rNeg    . . .        (helmet currently unavailable)
rPois   .            (no amulet)
rElec   .            (no ring)
rCorr   .            (no ring)
SInv    .            (no ring)
Will    .....        (no ring)
Stlth   ++           (no ring)
HPRegen 0.29/turn    (no ring)
MPRegen 0.11/turn    (no ring)
                     (no ring)

%: no passive effects
@: beast-form
A: beast (slay +4), almost no armour, amphibious, 8 rings, camouflage 1,
gelatinous body 1, (nimble swimmer 1), tentacles
a: Begin Untransformation, Renounce Religion, Purification, Heal Other, Heal
Self


You were on level 7 of the Dungeon.
You worshipped Elyvilon.
Elyvilon was most pleased with you.
You were a hulking beast.
You visited 1 branch of the dungeon, and saw 7 of its levels.

You collected 339 gold pieces.

Inventory:

Talismans
 b - a beast talisman
 c - a flux talisman
 k - a beast talisman
Wands
 D - a wand of digging (1)
Scrolls
 e - 3 scrolls of fog
 g - 2 scrolls of immolation
 h - 2 scrolls of enchant weapon
 j - a scroll of fear {unknown}
 n - a scroll of vulnerability
 p - a scroll of torment {unknown}
 q - a scroll of enchant armour
 t - 4 scrolls of teleportation
Potions
 a - 5 potions of attraction {unknown}
 d - a potion of mutation
 f - a potion of brilliance {unknown}
 l - a potion of curing {unknown}
 m - 3 potions of cancellation
 o - a potion of magic {unknown}


   Skills:
 + Level 4.7 Fighting
 - Level 2.0 Dodging
 * Level 7.7 Unarmed Combat
 + Level 4.2 Transmutations
 * Level 7.1 Shapeshifting


You had 6 spell levels left.
You knew the following spells:

 Your Spells              Type           Power      Damage    Failure   Level
a - Wereblood             Tmut           10%        N/A       9%          2

Your spell library contained the following spells:

 Spells                   Type           Power      Damage    Failure   Level
 Kiss of Death            Conj/Necr      0%         2d5       32%         1
 Blink                    Tloc           0%         N/A       45%         2
 Cigotuvi's Dreadful Rot  Necr/Pois/Air  0%         N/A       45%         2
 Sublimation of Blood     Necr           0%         N/A       45%         2
 Ignite Poison            Fire/Tmut/Pois 3%         N/A       50%         3
 Call Canine Familiar     Summ           0%         N/A       69%         3
 Confusing Touch          Hex            0%         N/A       69%         3
 Inner Flame              Hex/Fire       0%         N/A       69%         3
 Sigil of Binding         Hex            0%         N/A       69%         3
 Tukima's Dance           Hex            0%         N/A       69%         3
 Dimensional Bullseye     Hex/Tloc       0%         N/A       97%         4
 Dispel Undead            Necr           0%         3d6       97%         4
 Flame Wave               Conj/Fire      0%         2d4       97%         4
 Iskenderun's Mystic Bla  Conj/Tloc      0%         2d3       97%         4
 Leda's Liquefaction      Hex/Erth       0%         N/A       97%         4
 Manifold Assault         Tloc           0%         N/A       97%         4
 Sticky Flame             Conj/Fire      0%         2d3       97%         4
 Freezing Cloud           Conj/Ice/Air   0%         6-21      100%        5
 Summon Hydra             Summ           0%         N/A       100%        7


Dungeon Overview and Level Annotations

Branches:
Dungeon (7/15)
 Temple: D:4-7

Altars:
Ashenzari
Elyvilon
Gozag
Trog
Uskayaw
Wu Jian
Zin

Annotations:
D:3 3 runed translucent doors, baljet's ghost, amateur TrSh
D:4 2 transporters, qborf's ghost, amateur TrSh


Innate Abilities, Weirdness & Mutations

You are a hulking beast.
Your limbs bulge with bestial killing power. (Slay +4)
You cannot wear most types of armour.
You are amphibious.
You can wear up to eight rings at the same time.
Your skin changes colour to match your surroundings (Stealth+).
Your rubbery body absorbs attacks. (AC +1, EV +1)
((You are camouflaged when in or above water. (Stealth+)))
You have tentacles for arms and can constrict up to eight enemies at once.


Message History

There is an escape hatch in the ceiling here.
Okay, then.
Unknown command.
You tentacle-slap the steam dragon. Your squeeze misses the steam dragon.
The steam dragon is lightly wounded.
You bludgeon the steam dragon!
The steam dragon is heavily wounded.
The steam dragon bites you. The steam dragon closely misses you.
You take 2 damage, and have 43/59 hp.
You closely miss the steam dragon.
The steam dragon is heavily wounded.
The steam dragon breathes steam at you. The ball of steam misses you.
You closely miss the steam dragon.
The steam dragon is heavily wounded.
You are engulfed in a cloud of scalding steam.
The steam dragon bites you! The steam dragon claws you.
You take 18 damage, and have 25/59 hp.
MASSIVE DAMAGE!!
The steam dragon closely misses you. The steam dragon claws you.
You take 2 damage, and have 23/59 hp.
You tentacle-slap the steam dragon but do no damage.
The steam dragon is heavily wounded.
You are engulfed in a cloud of scalding steam.
The steam dragon breathes steam at you. The ball of steam hits you!
* * * LOW HITPOINT WARNING * * *
You take 16 damage, and have 7/59 hp.
MASSIVE DAMAGE!!
You bludgeon the steam dragon! Your squeeze misses the steam dragon.
The steam dragon is severely wounded.
The steam dragon closely misses you. The steam dragon claws you.
* * * LOW HITPOINT WARNING * * *
You take 5 damage, and have 2/59 hp.
You tentacle-slap the steam dragon. x2
The steam dragon is almost dead.
You barely miss the steam dragon.
The steam dragon is almost dead.
The steam dragon bites you. Elyvilon protects you from harm!
The steam dragon claws you.
You die...

........####...#.#######........#
........+.D...ยง.................'
........####...#.#######.#...##.#
.......## ##.##.# #....###.#
####.# #..### #.# #.# #..# #.# #.#
#..#####.. ##.######D# #.........
.......<.h# ##.####..# ##.########
#.# #..# #.####.#. #........
######.## #.# #.## #... ####


You could see a steam dragon (catching breath).

Vanquished Creatures
  Grinder (D:4)
  A water moccasin (D:5)
  5 ogres
  A phantom (D:6)
  A kobold brigand (D:7)
  4 bullfrogs
  2 scorpions
  9 wights (D:6)
  A jelly (D:6)
  A howler monkey (D:6)
  A sleepcap (D:6)
  4 iguanas
  2 orc wizards (D:7)
  7 adders
  2 ufetubi (D:6)
  A worm (D:5)
  16 orcs
  3 bats
  3 giant cockroaches
  11 hobgoblins
  3 jackals (D:4)
  A quokka (D:1)
  7 ball pythons
  2 frilled lizards (D:1)
  8 goblins
  16 kobolds
  A rat (D:3)
114 creatures vanquished.

Notes
Turn   | Place    | Note
-------+----------+-------------------------------------------
     0 | D:1      | Dirtsage the Octopode Shapeshifter began the quest for the
                  | Orb.
     0 | D:1      | Reached XP level 1. HP: 13/13 MP: 1/1
    89 | D:1      | Reached XP level 2. HP: 15/18 MP: 2/2
   208 | D:1      | Found a faded altar of an unknown god.
   773 | D:2      | Reached XP level 3. HP: 23/23 MP: 3/3
   785 | D:2      | Found a bloodstained altar of Trog.
  1209 | D:3      | Reached XP level 4. HP: 24/29 MP: 4/4
  1236 | D:3      | Found a runed translucent gate.
  1236 | D:3      | Found a runed translucent gate.
  1236 | D:3      | Found a runed translucent gate.
  1239 | D:3      | Noticed baljet's ghost (amateur TrSh)
  1412 | D:3      | Found a broken altar of Ashenzari.
  1497 | D:3      | Learned a level 2 spell: Wereblood
  1675 | D:4      | Noticed an ogre
  1684 | D:4      | Killed an ogre
  1685 | D:4      | Reached XP level 5. HP: 10/34 MP: 5/5
  1807 | D:4      | Found a transporter.
  1807 | D:4      | Noticed qborf's ghost (amateur TrSh)
  1820 | D:4      | Noticed Grinder
  1830 | D:4      | Killed Grinder
  1831 | D:4      | Reached skill level 1 in Transmutations
  1831 | D:4      | Reached XP level 6. HP: 9/41 MP: 6/6
  2021 | D:4      | Found a white marble altar of Elyvilon.
  2042 | D:4      | Became a worshipper of Elyvilon the Healer
  2071 | D:4      | Found a glowing silver altar of Zin.
  2095 | D:4      | Reached skill level 5 in Unarmed Combat
  2110 | D:4      | Found a transporter.
  2179 | D:4      | Found an opulent altar of Gozag.
  2352 | D:4      | Found a hide-covered altar of Uskayaw.
  2581 | D:5      | Entered Level 5 of the Dungeon
  2583 | D:5      | Reached * piety under Elyvilon
  2641 | D:5      | Reached skill level 5 in Shapeshifting
  2641 | D:5      | Reached XP level 7. HP: 45/45 MP: 7/7
  3008 | D:5      | Reached ** piety under Elyvilon
  3427 | D:6      | Reached XP level 8. HP: 47/52 MP: 8/8
  3588 | D:6      | Identified the +2 dagger of Gehenna {antimagic, rN+ Int-3
                  | Dex+6}
  4017 | D:6      | Reached XP level 9. HP: 48/59 MP: 9/9
  4235 | D:6      | Found an ornate altar of the Wu Jian Council.
  4569 | D:7      | Reached *** piety under Elyvilon
  4852 | D:7      | HP: 2/59 [steam dragon (5)]
  4854 | D:7      | Elyvilon protects you from harm!
  4854 | D:7      | Slain by a steam dragon

Illustrated notes

Levels and vault maps discovered:
D:1:      tarquinn_simple_flora_water_b, layout_basic, serial_corexii_hall,
          corexii_hall_statues_l, chequers_hall_statues_corner_a,
          hellmonk_ecumenical_altar_crossroads
D:2:      layout_loops_ring, basic_altar, grunt_ministairs_11
D:3:      layout_rooms, amcnicky_altar_gilded, ebering_ghost_rock_garden
D:4:      layout_gridville, pdpol_temple_overflow_zin_treasury_gozag_greed,
          elyvilon_altar_3, nicolae_uskayaw_dance_hall, gammafunk_ghost_arena,
          uniq_grinder
D:5:      layout_basic
D:6:      layout_basic, mainiacjoe_overflow_alcove_1
D:7:      layout_loops_corners, mainiacjoe_overflow_big_doors,
          minmay_temple_entry_hall

Skill      XL: |  1  2  3  4  5  6  7  8  9 |
---------------+----------------------------+-----
Fighting       | 2 3 4 |  4.7
Unarmed Combat | 4 5 6 7 |  7.7
Shapeshifting  | 4 5 6 7 |  7.1
Transmutations | 1 2 3 4 |  4.2
Dodging        | |  2.0

Action                     |  1- 3 |  4- 6 |  7- 9 || total
---------------------------+-------+-------+-------++-------
  Melee: Unarmed           |    59 |    50 |   151 ||   260
         Constrict         |    18 |    12 |    25 ||    55
         Tentacles         |    13 |    10 |    43 ||    66
         Punch             |     2 |       |     9 ||    11
    Use: Potion            |       |     1 |       ||     1
         Scroll            |       |       |    10 ||    10
   Stab: Sleeping          |     9 |     4 |     4 ||    17
 Armour: Skin              |    18 |    14 |    61 ||    93
  Dodge: Dodged            |    20 |    21 |    75 ||   116

Table legend: (Time is in decaauts)
 A = Elapsed time spent in this place.
 B = Non-inter-level travel time spent in this place.
 C = Inter-level travel time spent in this place.
 D = Time resting spent in this place.
 E = Time spent auto-exploring this place.
 F = Levels seen in this place.
 G = Mean time per level.
                   A        B        C        D        E       F      G
               +--------+--------+--------+--------+--------+-----+--------+
         Total |   4825 |   4634 |    191 |      0 |   3908 |   7 |  689.3 |
       Dungeon |   4825 |   4634 |    191 |      0 |   3908 |   7 |  689.3 |
               +--------+--------+--------+--------+--------+-----+--------+

Top non-repeatable levels by time:
     D:6: 1013 daAuts
     D:4: 955 daAuts
     D:5: 712 daAuts
     D:1: 637 daAuts
     D:7: 526 daAuts
     D:2: 520 daAuts
     D:3: 460 daAuts
